 Dungeon Sprint DCSS version 0.30.1-9-gdf580d7c3d (webtiles) character file.

Game seed: 16272338570549108727

25913 boopmooplesden the Executioner (level 12, -24/130 HPs)
             Began as a Minotaur Gladiator on Sept 26, 2023.
             Was the Champion of Trog.
             Annihilated by an orc knight
             ... wielding a +0 great sword
              (34 damage)
             ... in the Dungeon (Sprint VII: "The Pits").
             The game lasted 00:07:47 (2268 turns).

boopmooplesden the Executioner (Minotaur Gladiator) Turns: 2268, Time: 00:07:48

Health: -24/130    AC:  9    Str: 30    XL:     12   Next: 93%
Magic:  11/11      EV: 19    Int:  5    God:    Trog [******]
Gold:   29         SH:  5    Dex: 14    Spells: 11/11 levels left

rFire   . . .        A - +7 executioner's axe of Crusades {flame, rC+ Str+4}
rCold   + . .        (shield currently unavailable)
rNeg    . . .        M - +3 robe of Clouds {*Thunder rCloud rElec}
rPois   .            c - +0 hat
rElec   +            (no cloak)
rCorr   .            x - +2 pair of gloves
SInv    .            (no boots)
Will    ++...        K - amulet of reflection
Stlth   ++           s - +3 ring of evasion
HPRegen 1.41/turn    J - ring of the Yeti {Fly Str+4}
MPRegen 0.12/turn

%: no teleportation, reflection
@: lethally poisoned (-24 -> -25), strong-willed, on berserk cooldown, flying,
regenerating, slowed, constricted, very slow
A: horns 2, retaliatory headbutt
a: Renounce Religion, Berserk, Trog's Hand, Brothers in Arms


You were in the Dungeon.
You worshipped Trog.
Trog was exalted by your worship.
You visited 1 branch You collected 29 gold pieces.

Inventory:

Hand Weapons
 a - a +0 quarterstaff
 l - a +2 quarterstaff
 p - a +1 quarterstaff of protection
 r - a +3 quarterstaff of flaming
 v - a +5 spectral quarterstaff
 y - a +9 quarterstaff of flaming
 A - the +7 executioner's axe of Crusades (weapon) {flame, rC+ Str+4}
   (Trog gifted it to you in the Dungeon)

   Str:       It affects your strength (+4).
   rC:        It protects you from cold.
 F - the +8 battleaxe of Nuimoyj {flame, Will+ rCorr Str+3 SInv}
   (Trog gifted it to you in the Dungeon)

   Str:       It affects your strength (+3).
   SInv:      It lets you see invisible.
   rCorr:     It protects you from acid and corrosion.
   Will:      It increases your willpower.
 L - a +4 lajatang
Missiles
 d - 3 throwing nets (quivered)
 e - a javelin
Armour
 b - a +0 leather armour
 c - a +0 hat (worn)
 q - a +3 scale mail
 w - a +4 chain mail
 x - a +2 pair of gloves (worn)
 M - the +3 robe of Clouds (worn) {*Thunder rCloud rElec}
   (You found it in the Dungeon)

   *Thunder:  It occasionally creates storm clouds above nearby enemies.
   rCloud:    It grants its wearer immunity to clouds.
   rElec:     It insulates you from electricity.
Jewellery
 s - a +3 ring of evasion (left hand)
 t - a +3 ring of evasion
 C - a ring of fire
 I - a ring of see invisible
 J - the ring of the Yeti (right hand) {Fly Str+4}
   (You found it in the Dungeon)

   [ring of flight]

   Str:       It affects your strength (+4).
   Fly:       It grants you flight.
 K - an amulet of reflection (around neck)
Wands
 z - a wand of flame (17)
Scrolls
 k - a scroll of blinking
 n - 5 scrolls of amnesia
 o - 2 scrolls of summoning
 D - 2 scrolls of fear
 E - 2 scrolls of fog
 G - 2 scrolls of enchant weapon
 H - 5 scrolls of identify
Potions
 f - 11 potions of curing
 g - 11 potions of heal wounds
 h - 3 potions of haste
 i - 4 potions of magic
 j - 4 potions of berserk rage
 m - 2 potions of invisibility
 u - 2 potions of resistance
 B - a potion of might


   Skills:
 + Level 19.1 Fighting
 + Level 21.1 Axes
 + Level 20.3 Staves
 + Level 5.1 Throwing
 + Level 11.9 Armour
 + Level 15.3 Dodging
 + Level 2.9 Stealth
 + Level 3.6 Shields


You had 11 spell levels left.
You didn't know any spells.
Your spell library was empty.

Dungeon Overview and Level Annotations

Branches:
Dungeon (1/1)

Altars:
Cheibriados
Dithmenos
Elyvilon
Fedhas
Gozag
Hepliaklqana
Makhleb
Nemelex Xobeh
Okawaru
Qazlal
Ru
Sif Muna
Trog
Vehumet
Wu Jian
Xom
Yredelemnul
Zin
The Shining One
Jiyva
Lugonu


Innate Abilities, Weirdness & Mutations

You have a pair of horns on your head.
You reflexively headbutt those who attack you in melee.


Message History

You hit the orc warlord but do no damage.
The orc warlord is almost dead.
You hit the orc knight but do no damage.
You slash the naga warrior! You burn the naga warrior.
Storm clouds gather above the orc warlord.
The orc knight no longer looks unusually strong. x2
The orc warlord no longer looks unusually strong.
The orc knight is engulfed in a thunderstorm.
The orc knight closely misses you.
The orc knight is engulfed in a thunderstorm.
You kill the orc knight!
Trog accepts your kill. The naga warrior spits poison at you.
The splash of poison hits you but does no damage.
You are poisoned.
The orc warlord roars a battlecry!
The orc knights go into a battle-frenzy!
The large abomination is engulfed in a thunderstorm.
The orc knight is engulfed in a thunderstorm.
You kill the orc knight!
Trog accepts your kill.
Your Fighting skill increases to level 19!
Your Axes skill increases to level 21!
Storm clouds gather above the orc knight.
You feel sick.
The deep elf knight unwields a +0 longbow.
The deep elf knight wields a +0 scimitar.
The deep elf knight hits you with a +0 scimitar!!
* * * LOW HITPOINT WARNING * * *
The naga warrior hits you with a +0 dire flail!
* * * LOW HITPOINT WARNING * * *
The naga warrior grabs you. The naga warrior constricts you.
* * * LOW HITPOINT WARNING * * *
The orc warlord is engulfed in a thunderstorm.
You kill the orc warlord!
Trog accepts your kill. Trog grants you a weapon!
Something appears at your feet!
You see here a +1 heavy battleaxe.
The orc knight hits you with a +0 great sword!!
You die...

..# ..+ ..+ ''#
''###############################
.......÷.........).))).).........
)...............)))))))..........
).##############)o##############.
..# #§X@N§.# #. ..# #.§oe..# #.
..# #......# #. ..# ###..### #.
..# .... #. ..# ..... #. ..#
....# #. ..# #....# #. ..# #.


You could see a naga warrior (catching breath), 2 orc knights, a deep elf knight
and a large abomination.

Vanquished Creatures
  Saint Roka (D)
  2 orc warlords (D)
  A stone giant (D)
  Josephine (D)
  3 death yaks (D)
  A soul eater (D)
  A sea snake (D)
  A wizard (D)
  Pikel (D)
  A deep elf pyromancer (D)
  9 orc knights (D)
  2 orc sorcerers (D)
  A manticore (D)
  3 smoke demons (D)
  An eye of devastation (D)
  A demonic crawler (D)
  A cane toad (D)
  A rime drake (D)
  2 guardian mummies (D)
  2 ice devils (D)
  2 freezing wraiths (D)
  A red devil (D)
  A polar bear (D)
  A hellwing (D)
  A tarantella (D)
  5 blink frogs (D)
  A vampire (D)
  A spriggan (D)
  4 wraiths (D)
  A wyvern (D)
  A fire bat (D)
  A ynoxinul (D)
  Eustachio (D)
  A steam dragon (D)
  A redback (D)
  4 wargs (D)
  A floating eye (D)
  A water moccasin (D)
  9 orc warriors (D)
  Pargi (D)
  2 sky beasts (D)
  An ogre (D)
  A lemure (D)
  A centaur (D)
  Blork the orc (D)
  2 bullfrogs (D)
  A gnoll sergeant (D)
  A necrophage (D)
  3 killer bees (D)
  An iguana (D)
  An orc wizard (D)
  A hell rat (D)
  A mummy (D)
  3 gnolls (D)
  3 ufetubi (D)
  An adder skeleton (D)
  5 orcs (D)
  A ball python (D)
  A giant cockroach (D)
  3 goblins (D)
  2 hobgoblins (D)
  11 jackals (D)
  A quokka (D)
  2 ball python skeletons (D)
  A ball python zombie (D)
126 creatures vanquished.

Vanquished Creatures (collateral kills)
  A fire giant (D)
  An emperor scorpion (D)
  2 death yaks (D)
  A vampire (D)
5 creatures vanquished.

Vanquished Creatures (others)
  An unseen horror (D)
  An orc (D)
2 creatures vanquished.

Grand Total: 133 creatures vanquished

Notes
Turn   | Place    | Note
-------+----------+-------------------------------------------
     0 | D        | boopmooplesden the Minotaur Gladiator began the quest for
                  | the Orb.
     0 | D        | Reached XP level 1. HP: 18/18 MP: 0/0
    38 | D        | Found a bloodstained altar of Trog.
    38 | D        | Found a shimmering blue altar of Sif Muna.
    38 | D        | Found a viscous altar of Jiyva.
    38 | D        | Found a hazy altar of Hepliaklqana.
    38 | D        | Found an opulent altar of Gozag.
    39 | D        | Found a glowing golden altar of the Shining One.
    39 | D        | Found a glowing silver altar of Zin.
    39 | D        | Found a basalt altar of Yredelemnul.
    39 | D        | Found a shimmering altar of Xom.
    39 | D        | Found an ornate altar of the Wu Jian Council.
    39 | D        | Found a sacrificial altar of Ru.
    39 | D        | Found a stormy altar of Qazlal.
    39 | D        | Found an iron altar of Okawaru.
    39 | D        | Found a sparkling altar of Nemelex Xobeh.
    39 | D        | Found a burning altar of Makhleb.
    39 | D        | Found a blossoming altar of Fedhas.
    39 | D        | Found a white marble altar of Elyvilon.
    39 | D        | Found a shadowy altar of Dithmenos.
    39 | D        | Found a snail-covered altar of Cheibriados.
    40 | D        | Found a radiant altar of Vehumet.
    40 | D        | Found a corrupted altar of Lugonu.
    42 | D        | Became a worshipper of Trog the Wrathful
    52 | D        | Reached XP level 2. HP: 25/25 MP: 1/1
    54 | D        | Reached * piety under Trog
    61 | D        | Reached skill level 5 in Staves
    63 | D        | Reached ** piety under Trog
    75 | D        | Reached *** piety under Trog
    76 | D        | Reached skill level 5 in Dodging
    81 | D        | Reached **** piety under Trog
    82 | D        | Reached XP level 3. HP: 18/31 MP: 2/2
   146 | D        | Noticed a floating eye
   147 | D        | Noticed a bullfrog
   147 | D        | Paralysed by a floating eye for 4 turns
   154 | D        | Killed a floating eye
   155 | D        | Reached skill level 5 in Fighting
   155 | D        | Reached XP level 4. HP: 40/42 MP: 3/3
   159 | D        | Killed a bullfrog
   160 | D        | Reached skill level 1 in Armour
   160 | D        | Reached XP level 5. HP: 48/50 MP: 4/4
   163 | D        | Noticed Pargi
   171 | D        | Reached ***** piety under Trog
   178 | D        | Reached skill level 10 in Staves
   182 | D        | Killed Pargi
   182 | D        | Received a gift from Trog
   183 | D        | Reached XP level 6. HP: 58/58 MP: 5/5
   207 | D        | Noticed a polar bear
   212 | D        | Killed a polar bear
   213 | D        | Reached skill level 10 in Dodging
   213 | D        | Reached XP level 7. HP: 67/67 MP: 6/6
   215 | D        | Noticed Pikel
   224 | D        | Killed Pikel
   225 | D        | Reached XP level 8. HP: 78/78 MP: 7/7
   267 | D        | Noticed a cane toad
   275 | D        | Killed a cane toad
   275 | D        | Received a gift from Trog
   281 | D        | Reached skill level 10 in Fighting
   281 | D        | Reached skill level 15 in Staves
   391 | D        | Noticed a freezing wraith
   399 | D        | Killed a freezing wraith
   407 | D        | Noticed a freezing wraith
   407 | D        | Noticed a smoke demon
   407 | D        | Noticed a blink frog
   407 | D        | Noticed a blink frog
   407 | D        | Noticed a blink frog
   407 | D        | Noticed a blink frog
   407 | D        | Noticed a blink frog
   412 | D        | Killed a blink frog
   413 | D        | Reached skill level 5 in Throwing
   417 | D        | Killed a freezing wraith
   417 | D        | Identified the +8 battleaxe of Nuimoyj {flame, Will+ rCorr
                  | Str+3 SInv} (Trog gifted it to you in the Dungeon)
   417 | D        | Received a gift from Trog
   418 | D        | Reached XP level 9. HP: 83/89 MP: 8/8
   430 | D        | Killed a smoke demon
   431 | D        | Reached skill level 5 in Armour
   439 | D        | Reached ****** piety under Trog
   439 | D        | Received a gift from Trog
   523 | D        | Noticed a deep elf pyromancer
   523 | D        | Noticed a hellwing
   535 | D        | Killed a deep elf pyromancer
   539 | D        | Killed a hellwing
   540 | D        | Reached XP level 10. HP: 101/101 MP: 9/9
   569 | D        | Noticed Blork the orc
   580 | D        | Killed Blork the orc
   580 | D        | Received a gift from Trog
   596 | D        | Noticed a sea snake
   599 | D        | Noticed an orc sorcerer
   604 | D        | Noticed an orc knight
   605 | D        | Identified the +7 executioner's axe of Crusades {flame, rC+
                  | Str+4} (Trog gifted it to you in the Dungeon)
   605 | D        | Received a gift from Trog
   607 | D        | Noticed an emperor scorpion
   609 | D        | Killed an orc sorcerer
   610 | D        | Reached skill level 1 in Stealth
   613 | D        | Killed a sea snake
   616 | D        | Killed an orc knight
   637 | D        | Killed an emperor scorpion
   638 | D        | Reached skill level 15 in Fighting
   939 | D        | Noticed a manticore
   945 | D        | Killed a manticore
   945 | D        | Received a gift from Trog
   946 | D        | Reached skill level 1 in Axes
   946 | D        | Reached skill level 10 in Armour
  1173 | D        | Noticed an orc knight
  1175 | D        | Noticed an eye of devastation
  1176 | D        | Reached XP level 11. HP: 102/114 MP: 10/10
  1186 | D        | Killed an orc knight
  1187 | D        | Reached skill level 2 in Axes
  1191 | D        | Reached skill level 3 in Axes
  1463 | D        | Received a gift from Trog
  1464 | D        | Reached skill level 4 in Axes
  1466 | D        | Reached skill level 5 in Axes
  1470 | D        | Reached skill level 6 in Axes
  1470 | D        | Received a gift from Trog
  1474 | D        | Reached skill level 7 in Axes
  1495 | D        | Reached skill level 8 in Axes
  1720 | D        | Found the +3 robe of Clouds {*Thunder rCloud rElec}
  1720 | D        | Noticed a death yak
  1720 | D        | Noticed a death yak
  1720 | D        | Noticed a death yak
  1720 | D        | Noticed a death yak
  1720 | D        | Noticed a soul eater
  1720 | D        | Noticed a fire giant
  1722 | D        | Killed a soul eater
  1723 | D        | Reached skill level 9 in Axes
  1723 | D        | Noticed a death yak
  1725 | D        | Killed a death yak
  1726 | D        | Reached skill level 10 in Axes
  1726 | D        | Killed a death yak
  1727 | D        | Reached skill level 11 in Axes
  1728 | D        | Killed a fire giant
  1729 | D        | Reached skill level 12 in Axes
  1729 | D        | Killed a death yak
  1729 | D        | Received a gift from Trog
  1730 | D        | Reached skill level 13 in Axes
  1730 | D        | Killed a death yak
  1731 | D        | Killed a death yak
  1732 | D        | Reached skill level 14 in Axes
  1734 | D        | Got the ring of the Yeti {Fly Str+4}
  1792 | D        | Noticed Josephine
  1797 | D        | Received a gift from Trog
  1799 | D        | Killed Josephine
  1800 | D        | Reached skill level 15 in Axes
  1800 | D        | Reached XP level 12. HP: 97/125 MP: 11/11
  1891 | D        | Received a gift from Trog
  1892 | D        | Reached skill level 16 in Axes
  1892 | D        | Reached skill level 1 in Shields
  1958 | D        | Noticed Saint Roka
  1967 | D        | Received a gift from Trog
  1968 | D        | Reached skill level 17 in Axes
  1972 | D        | Killed Saint Roka
  1973 | D        | Reached skill level 18 in Axes
  1974 | D        | Received a gift from Trog
  2202 | D        | Noticed a stone giant
  2202 | D        | Noticed Eustachio
  2207 | D        | Killed a stone giant
  2208 | D        | Reached skill level 19 in Axes
  2208 | D        | Reached skill level 15 in Dodging
  2210 | D        | Killed Eustachio
  2243 | D        | Noticed an orc warlord
  2245 | D        | Noticed an orc warlord
  2253 | D        | Noticed a naga warrior
  2259 | D        | Killed an orc warlord
  2259 | D        | Received a gift from Trog
  2260 | D        | Reached skill level 20 in Axes
  2268 | D        | Reached skill level 21 in Axes
  2268 | D        | Killed an orc warlord
  2268 | D        | Received a gift from Trog
  2268 | D        | Annihilated by an orc knight

Illustrated notes

Levels and vault maps discovered:
D:        pitsprint [storerooms_1, entrance_room_1, metal_vault_3, armoury_1,
          mini_pit_1, grid_room_1, main_hall_1, silver_pit, the_coven_3,
          the_vestibule_1, steel_vault_5, golden_pit, hallway_of_sentries,
          crystal_vault_2, iron_vault_5, final_vault]

Skill      XL: |  1  2  3  4  5  6  7  8  9 10 11 12 |
---------------+-------------------------------------+-----
Staves         | 4 5 8 9 11 12 14 16 18 20 | 20.3
Dodging        | 4 5 7 9 10 11 12 13 14 15 | 15.3
Fighting       | 3 5 6 7 9 11 13 15 17 19 | 19.1
Throwing       | 3 4 5 |  5.1
Armour         | 1 2 4 7 10 11 | 11.9
Stealth        | 2 |  2.9
Axes           | 1 15 21 | 21.1
Shields        | 3 |  3.6

Action                     |  1- 3 |  4- 6 |  7- 9 | 10-12 || total
---------------------------+-------+-------+-------+-------++-------
  Melee: Quarterstaff      |    24 |    23 |    65 |    38 ||   150
         Headbutt          |     3 |     5 |    12 |    25 ||    45
         Executioner's axe |       |       |       |    88 ||    88
 Invoke: Berserk           |       |     1 |     3 |     6 ||    10
         Brothers in Arms  |       |       |       |     3 ||     3
         Trog's Hand       |       |       |       |     2 ||     2
    Use: Potion            |       |       |       |     3 ||     3
         Scroll            |       |       |       |     4 ||     4
   Stab: Distracted        |       |       |       |     2 ||     2
 Armour: Leather armour    |     6 |       |       |       ||     6
         Scale mail        |       |     9 |     4 |       ||    13
         Chain mail        |       |       |    10 |    47 ||    57
         Robe              |       |       |       |     9 ||     9
  Dodge: Dodged            |    26 |    13 |    60 |   170 ||   269
  Block: Other             |       |       |       |    13 ||    13
         Reflection        |       |       |       |     1 ||     1
